PIO (24 & UNDER)
SURREY SINNERS @ COLORADO COMMANDERS
07/12/2026
 
TOP OF THE 1ST
Surrey Sinners batting - Pitching for Colorado Commanders : RHP Héctor Rodríguez
Pitching: RHP Héctor Rodríguez
Batting: RHB Jamie Swyers 0-0: Called Strike
0-1: Ball
1-1: Ground out 6-3 (Groundball, 6)
Batting: RHB Augusto Trevino 0-0: Foul Ball, location: 2F
0-1: Ball
1-1: Fly out, F4 (Line Drive, 4)
Batting: RHB Clint Younger 0-0: Called Strike
0-1: Hit by Pitch
Batting: LHB Buddy Rice 0-0: Ball
1-0: Ball
2-0: Ball
3-0: Called Strike
3-1: Foul Ball, location: 2F
3-2: Strikes out looking
Top of the 1st over - 0 run(s), 0 hit(s), 0 error(s), 1 left on base; Surrey 0 - Colorado 0
BOTTOM OF THE 1ST
Colorado Commanders batting - Pitching for Surrey Sinners : RHP Luis Ramírez
Pitching: RHP Luis Ramírez
Batting: LHB Javier Martínez 0-0: Called Strike
0-1: Ball
1-1: Ball
2-1: Swinging Strike
2-2: Ball
3-2: Strikes out swinging
Batting: LHB Juan Torres 0-0: Ball
1-0: Called Strike
1-1: Swinging Strike
1-2: Ground out 6-3 (Groundball, 6)
Batting: RHB Mike Martin 0-0: Ball
1-0: Fly out, F9 (Flyball, 9S)
Bottom of the 1st over - 0 run(s), 0 hit(s), 0 error(s), 0 left on base; Surrey 0 - Colorado 0
TOP OF THE 2ND
Surrey Sinners batting - Pitching for Colorado Commanders : RHP Héctor Rodríguez
Batting: RHB Cooper Richard 0-0: Called Strike
0-1: Foul Ball, location: 2F
0-2: Hit by Pitch
Batting: LHB Tony Smith 0-0: SINGLE (Groundball, 4MD)
Cooper Richard to second
Runner from 2nd tries for 3rd, SAFE, throw made to third
Batting: LHB Juan Hinojosa 0-0: Ball
1-0: Ball
2-0: Swinging Strike
2-1: Ball
3-1: Swinging Strike
3-2: Strikes out looking
Batting: LHB José Blanco 0-0: Ball
Tony Smith steals 2nd base
1-0: Swinging Strike
1-1: Ball
2-1: Called Strike
2-2: Strikes out looking
Batting: RHB Ryan Parrish 0-0: Ball
1-0: Ball
2-0: Foul Ball, location: 2F
2-1: Foul Ball, location: 2F
2-2: SINGLE (Line Drive, 78S)
Cooper Richard scores
Tony Smith to third
Runner from 3rd tries for Home, SAFE, no throw or cutoff
Batting: RHB Jamie Swyers 0-0: Ball
1-0: Called Strike
1-1: Ball
2-1: Swinging Strike
2-2: Foul Ball, location: 2F
2-2: Foul Ball, location: 2F
2-2: Strikes out swinging
Top of the 2nd over - 2 run(s), 2 hit(s), 0 error(s), 1 left on base; Surrey 2 - Colorado 0
BOTTOM OF THE 2ND
Colorado Commanders batting - Pitching for Surrey Sinners : RHP Luis Ramírez
Batting: LHB Arturo Rodledo 0-0: Ball
1-0: Called Strike
1-1: Foul Ball, location: 2F
1-2: Foul Ball, location: 2F
1-2: Foul Ball, location: 2F
1-2: Fly out, F7 (Flyball, 7M)
Batting: SHB Theodore Cook 0-0: Called Strike
0-1: Foul Ball, location: 2F
0-2: Ball
1-2: Ball
2-2: Strikes out swinging
Batting: RHB Alberto Soto 0-0: Ball
1-0: SINGLE (Flyball, 8LS)
Batting: RHB Félix Campos 0-0: Ball
Alberto Soto steals 2nd base
1-0: Ball
2-0: Foul Ball, location: 2F
2-1: Foul Ball, location: 2F
2-2: Strikes out swinging
Bottom of the 2nd over - 0 run(s), 1 hit(s), 0 error(s), 1 left on base; Surrey 2 - Colorado 0
TOP OF THE 3RD
Surrey Sinners batting - Pitching for Colorado Commanders : RHP Héctor Rodríguez
Batting: RHB Augusto Trevino 0-0: Called Strike
0-1: Foul Ball, location: 2F
0-2: SINGLE (Groundball, 25) (infield hit)
Batting: RHB Clint Younger 0-0: Foul Ball, location: 2F
0-1: Called Strike
0-2: Ball
1-2: Hit by Pitch
Augusto Trevino to second
Batting: LHB Buddy Rice 0-0: Called Strike
0-1: SINGLE (Line Drive, 56D)
Augusto Trevino to third
Clint Younger to second
Batting: RHB Cooper Richard 0-0: Fly out, F8 (Flyball, 8LD)
Runner from 3rd tags up, SCORES, no throw
Batting: LHB Tony Smith 0-0: Called Strike
0-1: Ball
1-1: Ball
2-1: Called Strike
2-2: Ball
3-2: Strikes out swinging
Batting: LHB Juan Hinojosa 0-0: Foul Ball, location: 2F
0-1: Ball
1-1: Swinging Strike
1-2: Foul Ball, location: 2F
1-2: Foul Ball, location: 2F
1-2: Ball
2-2: Ground out 3-1 (Groundball, 23)
Top of the 3rd over - 1 run(s), 2 hit(s), 0 error(s), 2 left on base; Surrey 3 - Colorado 0
BOTTOM OF THE 3RD
Colorado Commanders batting - Pitching for Surrey Sinners : RHP Luis Ramírez
Batting: RHB Frank Martínez 0-0: Ball
1-0: Ball
2-0: Ball
3-0: Base on Balls
Batting: RHB Tony Barton 0-0: Ball
1-0: Fly out, F8 (Flyball, 89M)
Batting: LHB Javier Martínez 0-0: Called Strike
0-1: Swinging Strike
0-2: Ball
1-2: Ball
2-2: Ball
3-2: Foul Ball, location: 2F
3-2: Base on Balls
Frank Martínez to second
Batting: LHB Juan Torres 0-0: Ball
1-0: Ball
2-0: Ball
3-0: Called Strike
3-1: Swinging Strike
3-2: Foul Ball, location: 2F
3-2: Foul Ball, location: 2F
3-2: Foul Ball, location: 2F
3-2: Base on Balls
Frank Martínez to third
Javier Martínez to second
Batting: RHB Mike Martin 0-0: Ball
1-0: Grounds into double play, 5-4-3 (Groundball, 5)
Bottom of the 3rd over - 0 run(s), 0 hit(s), 0 error(s), 2 left on base; Surrey 3 - Colorado 0
TOP OF THE 4TH
Surrey Sinners batting - Pitching for Colorado Commanders : RHP Héctor Rodríguez
Batting: LHB José Blanco 0-0: Ball
1-0: Ball
2-0: Foul Ball, location: 2F
2-1: SINGLE (Line Drive, 7S)
Batting: RHB Ryan Parrish 0-0: Ball
1-0: Ball
2-0: SINGLE (Line Drive, 34D)
José Blanco to second
Runner from 2nd tries for 3rd, SAFE, no throw or cutoff
Batting: RHB Jamie Swyers 0-0: Called Strike
0-1: Ball
1-1: Fly out, F4 (Popup, 34D)
Batting: RHB Augusto Trevino 0-0: Ball
1-0: Foul Ball, location: 2F
1-1: Ball
2-1: Ball
3-1: SINGLE (Groundball, 56)
José Blanco scores
Ryan Parrish to second
Batting: RHB Clint Younger 0-0: Foul Ball, location: 2F
0-1: Called Strike
Ryan Parrish steals 3rd base
Augusto Trevino to second
0-2: Ball
1-2: Ground out 6-3 (Groundball, 6)
Ryan Parrish scores
Augusto Trevino to third
Batting: LHB Buddy Rice 0-0: Called Strike
0-1: Ball
1-1: Ground out 3-1 (Groundball, 34)
Top of the 4th over - 2 run(s), 3 hit(s), 0 error(s), 1 left on base; Surrey 5 - Colorado 0
BOTTOM OF THE 4TH
Colorado Commanders batting - Pitching for Surrey Sinners : RHP Luis Ramírez
Batting: LHB Arturo Rodledo 0-0: Ball
1-0: Ball
2-0: Called Strike
2-1: Foul Ball, location: 2F
2-2: Foul Ball, location: 2F
2-2: Strikes out swinging
Batting: SHB Theodore Cook 0-0: Ball
1-0: Called Strike
1-1: Swinging Strike
1-2: Strikes out looking
Batting: RHB Alberto Soto 0-0: SINGLE (Line Drive, 34)
Batting: RHB Félix Campos 0-0: Fly out, F4 (Line Drive, 4)
Bottom of the 4th over - 0 run(s), 1 hit(s), 0 error(s), 1 left on base; Surrey 5 - Colorado 0
TOP OF THE 5TH
Surrey Sinners batting - Pitching for Colorado Commanders : RHP Héctor Rodríguez
Pitching: RHP Pedro Vélez
Batting: RHB Cooper Richard 0-0: Called Strike
0-1: Ground out 4-3 (Groundball, 4)
Batting: LHB Tony Smith 0-0: Called Strike
0-1: Ball
1-1: Called Strike
1-2: Strikes out swinging
Batting: LHB Juan Hinojosa 0-0: Ball
1-0: Called Strike
1-1: Ball
2-1: Ball
3-1: Called Strike
3-2: Strikes out swinging
Top of the 5th over - 0 run(s), 0 hit(s), 0 error(s), 0 left on base; Surrey 5 - Colorado 0
BOTTOM OF THE 5TH
Colorado Commanders batting - Pitching for Surrey Sinners : RHP Luis Ramírez
Batting: RHB Frank Martínez 0-0: Ground out 5-3 (Groundball, 56S)
Batting: RHB Tony Barton 0-0: Swinging Strike
0-1: Foul Ball, location: 2F
0-2: Ball
1-2: Strikes out looking
Batting: LHB Javier Martínez 0-0: Swinging Strike
0-1: Swinging Strike
0-2: Ball
1-2: Ball
2-2: Strikes out looking
Bottom of the 5th over - 0 run(s), 0 hit(s), 0 error(s), 0 left on base; Surrey 5 - Colorado 0
TOP OF THE 6TH
Surrey Sinners batting - Pitching for Colorado Commanders : RHP Pedro Vélez
Batting: LHB José Blanco 0-0: Ball
1-0: Ball
2-0: Ball
3-0: Called Strike
3-1: Called Strike
3-2: Foul Ball, location: 2F
3-2: Base on Balls
Batting: RHB Ryan Parrish 0-0: Foul Ball, location: 2F
0-1: Ball
1-1: Ball
2-1: Foul Ball, location: 2F
2-2: Ball
3-2: Fielders Choice at 2nd, 6-4 (Groundball, 6M)
Batting: RHB Jamie Swyers 0-0: Ball
Ryan Parrish steals 2nd base
1-0: Ball
2-0: Ball
3-0: Base on Balls
Batting: RHB Augusto Trevino 0-0: Ball
1-0: Ball
2-0: Called Strike
2-1: Ball
3-1: Base on Balls
Ryan Parrish to third
Jamie Swyers to second
Batting: RHB Clint Younger 0-0: Called Strike
0-1: DOUBLE (Flyball, 78D)
Ryan Parrish scores
Jamie Swyers scores
Augusto Trevino to third
Batting: LHB Buddy Rice 0-0: Foul Ball, location: 2F
0-1: Called Strike
0-2: Strikes out swinging
Batting: RHB Cooper Richard 0-0: Ball
1-0: SINGLE (Line Drive, 6MD)
Augusto Trevino scores
Clint Younger to third
Runner from 3rd tries for Home, SAFE, no throw or cutoff
Pitching: RHP Juan Mesa
Batting: LHB Tony Smith 0-0: Called Strike
0-1: Called Strike
Cooper Richard steals 2nd base
0-2: Foul Ball, location: 2F
0-2: Strikes out swinging
Top of the 6th over - 4 run(s), 2 hit(s), 0 error(s), 1 left on base; Surrey 9 - Colorado 0
BOTTOM OF THE 6TH
Colorado Commanders batting - Pitching for Surrey Sinners : RHP Luis Ramírez
Batting: LHB Juan Torres 0-0: Called Strike
0-1: Ball
1-1: Fly out, F7 (Flyball, 78M)
Batting: RHB Mike Martin 0-0: Called Strike
0-1: Called Strike
0-2: Ball
1-2: Strikes out swinging
Batting: LHB Arturo Rodledo 0-0: Swinging Strike
0-1: Called Strike
0-2: Ball
1-2: Strikes out swinging
Bottom of the 6th over - 0 run(s), 0 hit(s), 0 error(s), 0 left on base; Surrey 9 - Colorado 0
TOP OF THE 7TH
Surrey Sinners batting - Pitching for Colorado Commanders : RHP Juan Mesa
Batting: LHB Juan Hinojosa 0-0: Swinging Strike
0-1: Foul Ball, location: 2F
0-2: DOUBLE (Line Drive, 9D)
Batting: LHB José Blanco 0-0: Ball
1-0: Foul Ball, location: 2F
1-1: Foul Ball, location: 2F
1-2: Strikes out swinging
Batting: RHB Ryan Parrish 0-0: Ball
Juan Hinojosa steals 3rd base
1-0: Ball
2-0: Ball
3-0: Base on Balls
Batting: RHB Jamie Swyers 0-0: Called Strike
0-1: Called Strike
0-2: Strikes out swinging
Batting: RHB Augusto Trevino 0-0: Ball
1-0: Called Strike
1-1: TRIPLE (Flyball, 8RXD)
Juan Hinojosa scores
Ryan Parrish scores
Batting: RHB Clint Younger 0-0: Called Strike
0-1: Swinging Strike
0-2: Foul Ball, location: 2F
0-2: Ball
1-2: Strikes out looking
Top of the 7th over - 2 run(s), 2 hit(s), 0 error(s), 1 left on base; Surrey 11 - Colorado 0
BOTTOM OF THE 7TH
Colorado Commanders batting - Pitching for Surrey Sinners : RHP Luis Ramírez
Pitching: LHP Sebastián Cervantes
Batting: SHB Theodore Cook 0-0: Ground out 4-3 (Groundball, 4)
Batting: RHB Alberto Soto 0-0: SINGLE (Groundball, 13) (infield hit)
Batting: RHB Félix Campos 0-0: Ball
Alberto Soto steals 2nd base
1-0: Called Strike
1-1: Called Strike
1-2: Strikes out looking
Batting: RHB Frank Martínez 0-0: Ball
1-0: Ball
2-0: Called Strike
2-1: Ball
3-1: Swinging Strike
3-2: Strikes out looking
Bottom of the 7th over - 0 run(s), 1 hit(s), 0 error(s), 1 left on base; Surrey 11 - Colorado 0
TOP OF THE 8TH
Surrey Sinners batting - Pitching for Colorado Commanders : RHP Juan Mesa
Pinch Hitting: RHB Jesús Lara 0-0: Ball
1-0: Ball
2-0: Ball
3-0: Base on Balls
Batting: RHB Cooper Richard 0-0: Ball
1-0: Called Strike
1-1: Foul Ball, location: 2F
1-2: Foul Ball, location: 2F
1-2: Ball
2-2: Foul Ball, location: 2F
2-2: Ball
3-2: Foul Ball, location: 2F
3-2: Base on Balls
Jesús Lara to second
Batting: LHB Tony Smith 0-0: Called Strike
0-1: Swinging Strike
0-2: SINGLE (Line Drive, 78M)
Jesús Lara to third
Cooper Richard to second
Batting: LHB Juan Hinojosa 0-0: Called Strike
0-1: Ball
1-1: Ball
2-1: Ball
3-1: Base on Balls
Jesús Lara scores
Cooper Richard to third
Tony Smith to second
Batting: LHB José Blanco 0-0: Ball
1-0: Foul Ball, location: 2F
1-1: Ball
2-1: Ball
3-1: Swinging Strike
3-2: Strikes out swinging
Batting: RHB Ryan Parrish 0-0: Ball
1-0: Ball
2-0: Ball
3-0: Called Strike
3-1: Base on Balls
Cooper Richard scores
Tony Smith to third
Juan Hinojosa to second
Pitching: LHP Manuel Reyes
Batting: RHB Jamie Swyers 0-0: Ball
1-0: Ball
Wild Pitch!
Tony Smith scores
Juan Hinojosa to third
Ryan Parrish to second
2-0: Swinging Strike
2-1: Swinging Strike
2-2: Foul Ball, location: 2F
2-2: Foul Ball, location: 2F
2-2: Ball
Wild Pitch!
Juan Hinojosa scores
Ryan Parrish to third
3-2: Strikes out looking
Batting: RHB Augusto Trevino 0-0: Ball
1-0: Foul Ball, location: 2F
1-1: Ball
2-1: Called Strike
2-2: Foul Ball, location: 2F
2-2: Ball
3-2: Base on Balls
Batting: RHB Clint Younger 0-0: Ball
Augusto Trevino steals 2nd base
1-0: Ball
2-0: Called Strike
2-1: Swinging Strike
2-2: Ground out 6-3 (Groundball, 6)
Top of the 8th over - 4 run(s), 1 hit(s), 0 error(s), 2 left on base; Surrey 15 - Colorado 0
BOTTOM OF THE 8TH
Colorado Commanders batting - Pitching for Surrey Sinners : LHP Sebastián Cervantes
Now in LF: Ricardo Deleón
Batting: RHB Tony Barton 0-0: Swinging Strike
0-1: Foul Ball, location: 2F
0-2: Ball
1-2: Strikes out swinging
Batting: LHB Javier Martínez 0-0: Ground out 4-3 (Groundball, 4M)
Batting: LHB Juan Torres 0-0: Ball
1-0: Called Strike
1-1: Ball
2-1: Called Strike
2-2: SINGLE (Line Drive, 6MD)
Batting: RHB Mike Martin 0-0: SINGLE (Groundball, 4M)
Juan Torres to second
Runner from 2nd tries for 3rd, SAFE, throw made to third
Batting: LHB Arturo Rodledo 0-0: Ball
1-0: Foul Ball, location: 2F
1-1: Foul Ball, location: 2F
1-2: Ball
2-2: Strikes out swinging
Bottom of the 8th over - 0 run(s), 2 hit(s), 0 error(s), 2 left on base; Surrey 15 - Colorado 0
TOP OF THE 9TH
Surrey Sinners batting - Pitching for Colorado Commanders : LHP Manuel Reyes
Batting: RHB Ricardo Deleón 0-0: Ball
1-0: Fly out, F7 (Flyball, 7M)
Batting: RHB Cooper Richard 0-0: Ball
1-0: Ball
2-0: Ball
3-0: Base on Balls
Batting: LHB Tony Smith 0-0: Ball
1-0: Ball
2-0: Called Strike
2-1: Swinging Strike
2-2: Hit by Pitch
Cooper Richard to second
Batting: LHB Juan Hinojosa 0-0: Called Strike
0-1: Ball
1-1: Ball
2-1: Foul Ball, location: 2F
2-2: Foul Ball, location: 2F
2-2: Ground out 3-1 (Groundball, 34)
Cooper Richard to third
Tony Smith to second
Batting: LHB José Blanco 0-0: Swinging Strike
0-1: Called Strike
0-2: Ball
1-2: Foul Ball, location: 2F
1-2: Ball
2-2: Strikes out swinging
Top of the 9th over - 0 run(s), 0 hit(s), 0 error(s), 2 left on base; Surrey 15 - Colorado 0
BOTTOM OF THE 9TH
Colorado Commanders batting - Pitching for Surrey Sinners : LHP Sebastián Cervantes
Batting: SHB Theodore Cook 0-0: Ball
1-0: Ball
2-0: Swinging Strike
2-1: Called Strike
2-2: Foul Ball, location: 2F
2-2: Foul Ball, location: 2F
2-2: Foul Ball, location: 2F
2-2: Foul Ball, location: 2F
2-2: Foul Ball, location: 2F
2-2: Foul Ball, location: 2F
2-2: Ball
3-2: Strikes out swinging
Batting: RHB Alberto Soto 0-0: Ball
1-0: Swinging Strike
1-1: Ball
2-1: Swinging Strike
2-2: Ball
3-2: Strikes out looking
Batting: RHB Félix Campos 0-0: Ball
1-0: Called Strike
1-1: Ball
2-1: Ball
3-1: Foul Ball, location: 2F
3-2: Strikes out swinging
Bottom of the 9th over - 0 run(s), 0 hit(s), 0 error(s), 0 left on base; Surrey 15 - Colorado 0
Monday, December 5th, 2016 - OOTP Baseball 17.12 Build 75